Workbook

Sheet ввод
A1: Введите данные в голубые ячейки, на основании отчета о прибылях и убытках за последний период:
B2: в тыс. рублей
A3: Налоговый период: | B3: 2025 | C3: 2025
A4: Система налогообложения: | B4: УСН | C4: ОСН
A5: Ставка налога по УСН применяемая | B5: 5
A6: Объект по УСН (1-"доходы минус расходы"; 0-"доходы") | B6: 1
A7: Выручка (без НДС) | B7: 18912 | C7: 690084
A8: Расходы по обычной деятельности | B8: 15966 | C8: =791856/1.2 -> 659880
A9: В том числе ФОТ | B9: =335/0.17 -> 1970.5882 | C9: =335/0.17 -> 1970.5882
A10: Прочие доходы счет 91 | B10: 1085 | C10: 18953
A11: Прочие расходы счет 91 | B11: 0 | C11: 922
A13: Введите данные в голубые ячейки, на основании годового отчета РСВ за предыдущие годы:
A14: налоги с ФОТ (страховые взносы) | B14: 335 | C14: =C9*0.32 -> 630.58824
A16: Планируемая выручка на следующий год | B16: 1000000
A17: Коффициент роста показателей | B17: =B16/C7 -> 1.449099
A18: Планируемая ставка УСН (при выборе УСН) | B18: 5
A19: Планируемый объект по УСН (1-"доходы минус расходы"; 0-"доходы") | B19: 1
A20: Есть ли ввозной НДС при импорте товаров | B20: 0

Sheet Графики
A1: Графики зависимости суммы налогов от выбора системы
B3: доход | C3: налоги
A4: год 2023 | B4: ='2026'!$C$7 -> 709037 | C4: ='2026'!$J$5 -> 118560.34
A5: год 2024 | B5: ='2026'!$C$19 -> 19997 | C5: ='2026'!$J$17 -> 106407.55
A6: год 2025 | B6: ='2026'!$C$26 -> 28977.632 | C6: ='2026'!J65 -> 3513.1946 | D6: ОСН
B21: доход | C21: налоги
A22: год 2023 | B22: ='2026'!$C$7 -> 709037 | C22: ='2026'!$J$5 -> 118560.34
A23: год 2024 | B23: ='2026'!$C$19 -> 19997 | C23: ='2026'!$J$17 -> 106407.55
A24: год 2025 | B24: ='2026'!$C$26 -> 28977.632 | C24: =IF('2026'!$C$34>0,'2026'!J36,'2026'!J42) -> 1147.782 | D24: =IF('2026'!$C$34>0,"УСН+НДС 5%",IF('2026'!C40>0,"УСН+НДС 7%",0)) -> УСН+НДС 5%
B40: доход | C40: налоги
A41: год 2023 | B41: ='2026'!$C$7 -> 709037 | C41: ='2026'!$J$5 -> 118560.34
A42: год 2024 | B42: ='2026'!$C$19 -> 19997 | C42: ='2026'!$J$17 -> 106407.55
A43: год 2025 | B43: ='2026'!$C$26 -> 28977.632 | C43: =IF('2026'!$C$46>0,'2026'!J48,0) -> 2344.9311 | D43: =IF('2026'!$C$46>0,"УСН+НДС 20%",0) -> УСН+НДС 20%

Sheet 2026
B1: Итоги года | C1: =ввод!C3 -> 2025
B2: Система налогообложения: | C2: ОСН
B3: Ставка УСН | C3: 5 | D3: Объект по УСН (1-"доходы минус расходы"; 0-"доходы"): | H3: =ввод!C6 -> 0
B4: Показатели отчетности последнего периода | C4: Сумма без НДС | D4: НДС по с/фактурам | F4: НДС к уплате | G4: налог на приб | H4: налог по УСН | I4: Страховые взносы | J4: Налоги всего | K4: Налоговая нагрузка | L4: =IF($C$14="УСН",IF($H$15>0,$C$21*$C$15/100,$C$19*$C$15/100),0) -> 201.55
B5: Выручка из Книг продаж/ реализация в КУДиР | C5: =ввод!C7 -> 690084 | D5: 145258 | F5: =D5-D6 -> 105871 | G5: =IF($C$2="ОСН",MAX(C10*0.25,0),0) -> 12058.75 | H5: =IF(C2="УСН",(IF($H$15<1,(IF($L$16/2>=$I$17,$L$16-$I$17,$L$16/2)),$L$16)),0) -> 0 | I5: =ввод!C14 -> 630.58824 | J5: =SUM(F5:I5) -> 118560.34 | K5: =J5/C5 -> 0.17180566
B6: Расходы из Книг покупок | C6: =39387*5 -> 196935 | D6: 39387
B7: Итого доходы | C7: =ввод!$C$7+ввод!$C$10 -> 709037 | E7: Уплачено: | F7: 105871 | G7: 0 | H7: 202 | I7: 335 | J7: =SUM(F7:I7) -> 106408 | K7: =J7/C5 -> 0.15419572
B8: Итого расходы | C8: =ввод!$C$8+ввод!$C$11 -> 660802
B9: в т.ч. расходы без НДС | C9: =C8-196935 -> 463867
B10: Прибыль до налогообложения | C10: =C7-C8 -> 48235
B13: Итоги года | C13: =ввод!B3 -> 2025 | D13: товарищество
B14: Система налогообложения: | C14: =ввод!B4 -> УСН
B15: Ставка УСН | C15: =IF($C$14="УСН",ввод!B5,0) -> 5 | D15: Объект по УСН (1-"доходы минус расходы"; 0-"доходы"): | H15: =IF($C$14="УСН",ввод!B6,0) -> 1
B16: Показатели отчетности последнего периода | C16: Сумма без НДС | D16: НДС по с/фактурам | F16: НДС к уплате | G16: налог на приб | H16: налог по УСН | I16: Страховые взносы | J16: Налоги всего | K16: Налоговая нагрузка | L16: =IF($C$14="УСН",IF($H$15>0,$C$21*$C$15/100,$C$19*$C$15/100),0) -> 201.55
B17: Выручка из Книг продаж/ реализация в КУДиР | C17: =ввод!$B$7 -> 18912 | D17: 145258 | F17: =D17-D18 -> 105871 | G17: =IF($C$14="ОСН",MAX((C19-C20)*0.2,0),0) -> 0 | H17: =IF(C14="УСН",(IF($H$15<1,(IF($L$16/2>=$I$17,$L$16-$I$17,$L$16/2)),$L$16)),0) -> 201.55 | I17: =ввод!B14 -> 335 | J17: =SUM(F17:I17) -> 106407.55 | K17: =J17/C17 -> 5.6264567
B18: Расходы из Книг покупок | C18: =ввод!$B$8-ввод!$B$9 -> 13995.412 | D18: 39387
B19: Итого доходы | C19: =ввод!$B$7+ввод!$B$10 -> 19997
B20: Итого расходы | C20: =ввод!$B$8+ввод!$B$11 -> 15966
B21: Прибыль до налогообложения | C21: =C19-C20 -> 4031
B23: Показатели отчетности плановые | C23: Сумма без НДС
B24: Выручка из Книг продаж/ реализация в КУДиР | C24: =C17*$G$30 -> 27405.359
B25: Расходы из Книг покупок/цена товара | C25: =C18*$G$30 -> 20280.736
B26: Итого доходы | C26: =C19*$G$30 -> 28977.632
B27: Итого расходы | C27: =C20*$G$30 -> 23136.314 | D27: в т.ч. Страх.Взн. | F27: =ввод!B14*ввод!B17 -> 485.44815
B28: Прибыль до налогообложения | C28: =C21*$G$30 -> 5841.3179 | I28: лимит УСН | J28: 490500
I29: лимит 5% | J29: 272500
B30: Варианты года | C30: =C13+1 -> 2026 | D30: с учетом коэффициента роста | G30: =ввод!B17 -> 1.449099 | I30: лимит без НДС | J30: 20000
B32: Система налогообложения: | C32: УСН | D32: в 2026 | F32: году | G32: с объектом | H32: =IF(ввод!$B$19>0,"Доходы минус расходы","Доходы") -> Доходы минус расходы | J32: ставка | K32: =ввод!B18 -> 5 | L32: =IF(ввод!$B$19>0,1,0) -> 1
B33: НДС 5%
B34: Необходимость выбора: | C34: =IF($C$32="УСН",(IF($C$26>$J$30,IF($C$26<=$J$29,1,0),0)),0) -> 1 | D34: (Да-1; Нет-0)
C35: Сумма без НДС | D35: НДС по с/фактурам | E35: Ввозной НДС | F35: НДС к уплате | G35: налог на приб | H35: налог по УСН | I35: Страховые взносы | J35: Налоги всего | K35: Налоговая нагрузка | L35: =IF($C34>0,IF($L$32>0,$C$28*$K$32/100,$C$26*$K$32/100),0) -> 292.06589
B36: Выручка из Книг продаж | C36: =IF($C$34>0,C$24,0) -> 27405.359 | D36: =IF(C34>0,(C36-J30)*5/100,0) -> 370.26797 | E36: =IF(ввод!$B$20>0,IF(C34>0,$C$25*0.22,0),0) -> 0 | F36: =D36-D37+E36 -> 370.26797 | G36: 0 | H36: =IF($L$32<1,(IF($L$35/2>=$I36,$L35-$I36,$L35/2)),$L35) -> 292.06589 | I36: =IF($C$34>0,$F$27,0) -> 485.44815 | J36: =SUM(F36:I36) -> 1147.782 | K36: =IF(C36<>0,J36/C36,0) -> 0.041881662
B37: Расходы | C37: =IF($C$34>0,C$27,0) -> 23136.314 | D37: 0
B39: НДС 7%
B40: Необходимость выбора: | C40: =IF($C$32="УСН",(IF($C$26>J29,IF($C$26<=J28,1,0),0)),0) -> 0 | D40: (Да-1; Нет-0)
C41: Сумма без НДС | D41: НДС по с/фактурам | E41: Ввозной НДС | F41: НДС к уплате | G41: налог на приб | H41: налог по УСН | I41: Страховые взносы | J41: Налоги всего | K41: Налоговая нагрузка | L41: =IF($C40>0,IF($L$32>0,$C$28*$K$32/100,$C$26*$K$32/100),0) -> 0
B42: Выручка из Книг продаж | C42: =IF($C$40>0,C$24,0) -> 0 | D42: =IF(C40>0,( (C42-J29)*7/100+(J29-J30)*5/100),0) -> 0 | E42: =IF(ввод!$B$20>0,IF(C40>0,$C$25*0.22,0),0) -> 0 | F42: =D42-D43+E42 -> 0 | G42: 0 | H42: =IF($L$32<1,(IF($L41/2>=$I42,$L41-$I42,$L41/2)),$L41) -> 0 | I42: =IF($C$40>0,$F$27,0) -> 0 | J42: =SUM(F42:I42) -> 0 | K42: =IF(C42<>0,J42/C42,0) -> 0
B43: Расходы из Книг покупок | D43: 0
B45: НДС 22% плюс УСН
B46: Необходимость выбора: | C46: =IF($C$32="УСН",(IF($C$26>$J$30,IF($C$26<=$J$28,1,0),0)),0) -> 1 | D46: (Да-1; Нет-0)
C47: Сумма без НДС | D47: НДС по с/фактурам | E47: Ввозной НДС | F47: НДС к уплате | G47: налог на приб | H47: налог по УСН | I47: Страховые взносы | J47: Налоги всего | K47: Налоговая нагрузка | L47: =IF($C46>0,IF($L$32>0,$C$28*$K$32/100,$C$26*$K$32/100),0) -> 292.06589
B48: Выручка из Книг продаж | C48: =IF($C$46>0,C$24,0) -> 27405.359 | D48: =C48*0.22 -> 6029.1791 | E48: =IF(ввод!$B$20>0,IF(C46>0,$C$25*0.22,0),0) -> 0 | F48: =D48-D49+E48 -> 1567.417 | G48: 0 | H48: =IF($L$32<1,(IF($L47/2>=$I48,$L47-$I48,$L47/2)),$L47) -> 292.06589 | I48: =IF($C$46>0,$F$27,0) -> 485.44815 | J48: =SUM(F48:I48) -> 2344.9311 | K48: =IF(C48<>0,J48/C48,0) -> 0.08556469
B49: Расходы из Книг покупок | C49: =IF($C$46>0,C$25,0) -> 20280.736 | D49: =C49*0.22 -> 4461.762
B51: АУСН 8%
B52: Необходимость выбора: | C52: =IF($C$26<=60000,1,0) -> 1 | D52: (Да-1; Нет-0)
C53: Сумма без НДС | D53: НДС по с/фактурам | E53: Ввозной НДС | F53: НДС к уплате | G53: налог на приб | H53: налог по УСН | I53: Страховые взносы | J53: Налоги всего | K53: Налоговая нагрузка | L53: =IF($C52>0,IF($L$32>0,$C$28*$K$32/100,$C$26*$K$32/100),0) -> 292.06589
B54: Доходы | C54: =IF($C$52>0,C$26,0) -> 28977.632 | D54: 0 | E54: =IF(ввод!$B$20>0,IF(C52>0,$C$25*0.22,0),0) -> 0 | F54: =D54-D55+E54 -> 0 | G54: 0 | H54: =C54*8/100 -> 2318.2105 | I54: 0 | J54: =SUM(F54:I54) -> 2318.2105 | K54: =IF(C54<>0,J54/C54,0) -> 0.08
B55: Расходы | C55: 0 | D55: 0
B57: АУСН 20%
B58: Необходимость выбора: | C58: =IF($C$26<=60000,1,0) -> 1 | D58: (Да-1; Нет-0)
C59: Сумма без НДС | D59: НДС по с/фактурам | E59: Ввозной НДС | F59: НДС к уплате | G59: налог на приб | H59: налог по УСН | I59: Страховые взносы | J59: Налоги всего | K59: Налоговая нагрузка | L59: =IF($C58>0,(C60-C61)/5,0) -> 1168.2636
B60: Доходы | C60: =IF($C$58>0,C$26,0) -> 28977.632 | D60: 0 | E60: =IF(ввод!$B$20>0,IF(C58>0,$C$25*0.22,0),0) -> 0 | F60: =D60-D61+E60 -> 0 | G60: 0 | H60: =MAX(C60*3/100,$L59) -> 1168.2636 | I60: 0 | J60: =SUM(F60:I60) -> 1168.2636 | K60: =IF(C60<>0,J60/C60,0) -> 0.040316047
B61: Расходы | C61: =IF($C$58>0,C$27+E60,0) -> 23136.314 | D61: 0
B63: ОСН классическая | C63: 1
C64: Сумма без НДС | D64: НДС по с/фактурам | E64: Ввозной НДС | F64: НДС к уплате | G64: налог на приб | H64: налог по УСН | I64: Страховые взносы | J64: Налоги всего | K64: Налоговая нагрузка
B65: Выручка из Книг продаж | C65: =C$24 -> 27405.359 | D65: =C65*0.22 -> 6029.1791 | E65: =IF(ввод!$B$20>0,IF(C63>0,$C$25*0.22,0),0) -> 0 | F65: =D65-D66+E65 -> 1567.417 | G65: =MAX(C67*0.25,0) -> 1460.3295 | H65: 0 | I65: =F27 -> 485.44815 | J65: =SUM(F65:I65) -> 3513.1946 | K65: =IF(C65<>0,J65/C65,0) -> 0.12819371
B66: Расходы из Книг покупок | C66: =C$25 -> 20280.736 | D66: =C66*0.22 -> 4461.762
B67: Прибыль до налогообложения | C67: =C28 -> 5841.3179

Sheet ИТ
B1: Итоги года | C1: =ввод!C3 -> 2025
B2: Система налогообложения: | C2: ОСН
B3: Ставка УСН | C3: 5 | D3: Объект по УСН (1-"доходы минус расходы"; 0-"доходы"): | H3: =ввод!C6 -> 0
B4: Показатели отчетности последнего периода | C4: Сумма без НДС | D4: НДС по с/фактурам | F4: НДС к уплате | G4: налог на приб | H4: налог по УСН | I4: Страховые взносы | J4: Налоги всего | K4: Налоговая нагрузка | L4: =IF($C$14="УСН",IF($H$15>0,$C$21*$C$15/100,$C$19*$C$15/100),0) -> 201.55
B5: Выручка из Книг продаж/ реализация в КУДиР | C5: =ввод!C7 -> 690084 | D5: 145258 | F5: =D5-D6 -> 105871 | G5: =IF($C$2="ОСН",MAX(C10*0.25,0),0) -> 12058.75 | H5: =IF(C2="УСН",(IF($H$15<1,(IF($L$16/2>=$I$17,$L$16-$I$17,$L$16/2)),$L$16)),0) -> 0 | I5: =ввод!C14 -> 630.58824 | J5: =SUM(F5:I5) -> 118560.34 | K5: =J5/C5 -> 0.17180566
B6: Расходы из Книг покупок | C6: =39387*5 -> 196935 | D6: 39387
B7: Итого доходы | C7: =ввод!$C$7+ввод!$C$10 -> 709037 | E7: Уплачено: | F7: 105871 | G7: 0 | H7: 202 | I7: 335 | J7: =SUM(F7:I7) -> 106408 | K7: =J7/C5 -> 0.15419572
B8: Итого расходы | C8: =ввод!$C$8+ввод!$C$11 -> 660802
B9: в т.ч. расходы без НДС | C9: =C8-196935 -> 463867 | I9: экономия | J9: =J5-J7 -> 12152.338
B10: Прибыль до налогообложения | C10: =C7-C8 -> 48235
B13: Итоги года | C13: =ввод!B3 -> 2025 | D13: товарищество
B14: Система налогообложения: | C14: =ввод!B4 -> УСН
B15: Ставка УСН | C15: =IF($C$14="УСН",ввод!B5,0) -> 5 | D15: Объект по УСН (1-"доходы минус расходы"; 0-"доходы"): | H15: =IF($C$14="УСН",ввод!B6,0) -> 1
B16: Показатели отчетности последнего периода | C16: Сумма без НДС | D16: НДС по с/фактурам | F16: НДС к уплате | G16: налог на приб | H16: налог по УСН | I16: Страховые взносы | J16: Налоги всего | K16: Налоговая нагрузка | L16: =IF($C$14="УСН",IF($H$15>0,$C$21*$C$15/100,$C$19*$C$15/100),0) -> 201.55
B17: Выручка из Книг продаж/ реализация в КУДиР | C17: =ввод!$B$7 -> 18912 | D17: 145258 | F17: =D17-D18 -> 105871 | G17: =IF($C$14="ОСН",MAX((C19-C20)*0.2,0),0) -> 0 | H17: =IF(C14="УСН",(IF($H$15<1,(IF($L$16/2>=$I$17,$L$16-$I$17,$L$16/2)),$L$16)),0) -> 201.55 | I17: =ввод!B14 -> 335 | J17: =SUM(F17:I17) -> 106407.55 | K17: =J17/C17 -> 5.6264567
B18: Расходы из Книг покупок | C18: =ввод!$B$8-ввод!$B$9 -> 13995.412 | D18: 39387
B19: Итого доходы | C19: =ввод!$B$7+ввод!$B$10 -> 19997
B20: Итого расходы | C20: =ввод!$B$8+ввод!$B$11 -> 15966
B21: Прибыль до налогообложения | C21: =C19-C20 -> 4031
B23: Показатели отчетности плановые | C23: Сумма без НДС
B24: Выручка из Книг продаж/ реализация в КУДиР | C24: =C17*$G$30 -> 27405.359
B25: Расходы из Книг покупок/цена товара | C25: =C18*$G$30 -> 20280.736
B26: Итого доходы | C26: =C19*$G$30 -> 28977.632
B27: Итого расходы | C27: =C20*$G$30 -> 23136.314 | D27: в т.ч. Страх.Взн. | F27: =ввод!B14*ввод!B17 -> 485.44815
B28: Прибыль до налогообложения | C28: =C21*$G$30 -> 5841.3179 | I28: лимит УСН | J28: 490500
I29: лимит 5% | J29: 272500
B30: Варианты года | C30: =C13+1 -> 2026 | D30: с учетом коэффициента роста | G30: =ввод!B17 -> 1.449099 | I30: лимит без НДС | J30: 20000
B32: Система налогообложения: | C32: УСН | D32: в 2026 | F32: году | G32: с объектом | H32: =IF(ввод!$B$19>0,"Доходы минус расходы","Доходы") -> Доходы минус расходы | J32: ставка | K32: =ввод!B18 -> 5 | L32: =IF(ввод!$B$19>0,1,0) -> 1
B33: НДС 5%
B34: Необходимость выбора: | C34: =IF($C$32="УСН",(IF($C$26>$J$30,IF($C$26<=$J$29,1,0),0)),0) -> 1 | D34: (Да-1; Нет-0)
C35: Сумма без НДС | D35: НДС по с/фактурам | E35: Ввозной НДС | F35: НДС к уплате | G35: налог на приб | H35: налог по УСН | I35: Страховые взносы | J35: Налоги всего | K35: Налоговая нагрузка | L35: =IF($C34>0,IF($L$32>0,$C$28*$K$32/100,$C$26*$K$32/100),0) -> 292.06589
B36: Выручка из Книг продаж | C36: =IF($C$34>0,C$24,0) -> 27405.359 | D36: =IF(C34>0,(C36-J30)*5/100,0) -> 370.26797 | E36: =IF(ввод!$B$20>0,IF(C34>0,$C$25*0.22,0),0) -> 0 | F36: =D36-D37+E36 -> 370.26797 | G36: 0 | H36: =IF($L$32<1,(IF($L$35/2>=$I36,$L35-$I36,$L35/2)),$L35) -> 292.06589 | I36: =IF($C$34>0,$F$27,0) -> 485.44815 | J36: =SUM(F36:I36) -> 1147.782 | K36: =IF(C36<>0,J36/C36,0) -> 0.041881662
B37: Расходы | C37: =IF($C$34>0,C$27,0) -> 23136.314 | D37: 0
B39: НДС 7%
B40: Необходимость выбора: | C40: =IF($C$32="УСН",(IF($C$26>J29,IF($C$26<=J28,1,0),0)),0) -> 0 | D40: (Да-1; Нет-0)
C41: Сумма без НДС | D41: НДС по с/фактурам | E41: Ввозной НДС | F41: НДС к уплате | G41: налог на приб | H41: налог по УСН | I41: Страховые взносы | J41: Налоги всего | K41: Налоговая нагрузка | L41: =IF($C40>0,IF($L$32>0,$C$28*$K$32/100,$C$26*$K$32/100),0) -> 0
B42: Выручка из Книг продаж | C42: =IF($C$40>0,C$24,0) -> 0 | D42: =IF(C40>0,( (C42-J29)*7/100+(J29-J30)*5/100),0) -> 0 | E42: =IF(ввод!$B$20>0,IF(C40>0,$C$25*0.22,0),0) -> 0 | F42: =D42-D43+E42 -> 0 | G42: 0 | H42: =IF($L$32<1,(IF($L41/2>=$I42,$L41-$I42,$L41/2)),$L41) -> 0 | I42: =IF($C$40>0,$F$27,0) -> 0 | J42: =SUM(F42:I42) -> 0 | K42: =IF(C42<>0,J42/C42,0) -> 0
B43: Расходы из Книг покупок | D43: 0
B45: НДС 22% плюс УСН
B46: Необходимость выбора: | C46: =IF($C$32="УСН",(IF($C$26>$J$30,IF($C$26<=$J$28,1,0),0)),0) -> 1 | D46: (Да-1; Нет-0)
C47: Сумма без НДС | D47: НДС по с/фактурам | E47: Ввозной НДС | F47: НДС к уплате | G47: налог на приб | H47: налог по УСН | I47: Страховые взносы | J47: Налоги всего | K47: Налоговая нагрузка | L47: =IF($C46>0,IF($L$32>0,$C$28*$K$32/100,$C$26*$K$32/100),0) -> 292.06589
B48: Выручка из Книг продаж | C48: =IF($C$46>0,C$24,0) -> 27405.359 | D48: =C48*0.22 -> 6029.1791 | E48: =IF(ввод!$B$20>0,IF(C46>0,$C$25*0.22,0),0) -> 0 | F48: =D48-D49+E48 -> 1567.417 | G48: 0 | H48: =IF($L$32<1,(IF($L47/2>=$I48,$L47-$I48,$L47/2)),$L47) -> 292.06589 | I48: =IF($C$46>0,$F$27,0) -> 485.44815 | J48: =SUM(F48:I48) -> 2344.9311 | K48: =IF(C48<>0,J48/C48,0) -> 0.08556469
B49: Расходы из Книг покупок | C49: =IF($C$46>0,C$25,0) -> 20280.736 | D49: =C49*0.22 -> 4461.762
B51: АУСН 8%
B52: Необходимость выбора: | C52: =IF($C$26<=60000,1,0) -> 1 | D52: (Да-1; Нет-0)
C53: Сумма без НДС | D53: НДС по с/фактурам | E53: Ввозной НДС | F53: НДС к уплате | G53: налог на приб | H53: налог по УСН | I53: Страховые взносы | J53: Налоги всего | K53: Налоговая нагрузка | L53: =IF($C52>0,IF($L$32>0,$C$28*$K$32/100,$C$26*$K$32/100),0) -> 292.06589
B54: Доходы | C54: =IF($C$52>0,C$26,0) -> 28977.632 | D54: 0 | E54: =IF(ввод!$B$20>0,IF(C52>0,$C$25*0.22,0),0) -> 0 | F54: =D54-D55+E54 -> 0 | G54: 0 | H54: =C54*8/100 -> 2318.2105 | I54: 0 | J54: =SUM(F54:I54) -> 2318.2105 | K54: =IF(C54<>0,J54/C54,0) -> 0.08
B55: Расходы | C55: 0 | D55: 0
B57: АУСН 20%
B58: Необходимость выбора: | C58: =IF($C$26<=60000,1,0) -> 1 | D58: (Да-1; Нет-0)
C59: Сумма без НДС | D59: НДС по с/фактурам | E59: Ввозной НДС | F59: НДС к уплате | G59: налог на приб | H59: налог по УСН | I59: Страховые взносы | J59: Налоги всего | K59: Налоговая нагрузка | L59: =IF($C58>0,(C60-C61)/5,0) -> 1168.2636
B60: Доходы | C60: =IF($C$58>0,C$26,0) -> 28977.632 | D60: 0 | E60: =IF(ввод!$B$20>0,IF(C58>0,$C$25*0.22,0),0) -> 0 | F60: =D60-D61+E60 -> 0 | G60: 0 | H60: =MAX(C60*3/100,$L59) -> 1168.2636 | I60: 0 | J60: =SUM(F60:I60) -> 1168.2636 | K60: =IF(C60<>0,J60/C60,0) -> 0.040316047
B61: Расходы | C61: =IF($C$58>0,C$27+E60,0) -> 23136.314 | D61: 0
B63: ОСН классическая | C63: 1
C64: Сумма без НДС | D64: НДС по с/фактурам | E64: Ввозной НДС | F64: НДС к уплате | G64: налог на приб | H64: налог по УСН | I64: Страховые взносы | J64: Налоги всего | K64: Налоговая нагрузка
B65: Выручка из Книг продаж | C65: =C$24 -> 27405.359 | D65: =C65*0.22 -> 6029.1791 | E65: =IF(ввод!$B$20>0,IF(C63>0,$C$25*0.22,0),0) -> 0 | F65: =D65-D66+E65 -> 1567.417 | G65: =MAX(C67*0.25,0) -> 1460.3295 | H65: 0 | I65: =F27 -> 485.44815 | J65: =SUM(F65:I65) -> 3513.1946 | K65: =IF(C65<>0,J65/C65,0) -> 0.12819371
B66: Расходы из Книг покупок | C66: =C$25 -> 20280.736 | D66: =C66*0.22 -> 4461.762
B67: Прибыль до налогообложения | C67: =C28 -> 5841.3179
I87: экономия 2026 | J87: =15000*0.22+4.41*0.15 -> 3300.6615
